 Dungeon Crawl Stone Soup version 0.19.5 (webtiles) character file.

467 tidbits the Covered (level 6, -5/43 HPs)
             Began as a High Elf Wanderer on Oct 30, 2017.
             Slain by a wraith (11 damage)
             ... in an ossuary.
             The game lasted 00:13:41 (1238 turns).

tidbits the Covered (High Elf Wanderer)             Turns: 1238, Time: 00:13:42

Health: -5/43      AC:  9    Str: 16    XL:     6   Next: 81%
Magic:  7/7        EV:  6    Int: 16    God:
Gold:   58         SH: 14    Dex: 17    Spells: 0 memorised, 5 levels left

rFire  . . .     SeeInvis .     a - +0 hand crossbow
rCold  . . .     Gourm    .     B - +2 scale mail
rNeg   . . .     Faith    .     D - +0 large shield
rPois  .         Spirit   .     (no helmet)
rElec  .         Reflect  .     (no cloak)
rCorr  .         Harm     .     (no gloves)
MR     .....                    (no boots)
Stlth  ..........               (no amulet)
                                n - +5 ring of strength
                                b - ring of loudness (curse)

@: very slightly contaminated, slowed, very slow
A: no striking features
a: no special abilities


You were in an ossuary.
You were full.

You visited 1 branch of the dungeon, and saw 4 of its levels.
You also visited: Sewer and Ossuary.

You collected 58 gold pieces.

Inventory:

Hand Weapons
 a - a +0 hand crossbow (weapon)
 d - a +0 dagger
   (You found it on level 1 of the Dungeon)
 f - a +0 whip
   (You took it off a kobold in a sewer)
Missiles
 e - 4 stones
 g - 11 poisoned needles
 p - 5 bolts (quivered)
Armour
 B - a +2 scale mail (worn)
 D - a +0 large shield (worn)
   (You found it on level 3 of the Dungeon)
Jewellery
 b - a cursed ring of loudness (left hand)
   (You found it on level 1 of the Dungeon)
 n - a +5 ring of strength (right hand)
   (You found it on level 3 of the Dungeon)
Scrolls
 i - a scroll of blinking {unknown}
 j - a scroll of amnesia {unknown}
 k - a scroll of teleportation {unknown}
 m - 2 scrolls of random uselessness {unknown}
 o - a scroll of recharging
 q - a scroll of remove curse {unknown}
Potions
 r - 2 potions of flight
 t - a potion of invisibility
Comestibles
 c - 3 bread rations
 l - 2 meat rations


   Skills:
 + Level 3.8 Fighting
 - Level 1.9 Crossbows
 - Level 1.7 Throwing
 - Level 4.7 Armour
 + Level 2.3 Dodging
 - Level 2.4 Stealth
 + Level 4.0 Shields


You had 5 spell levels left.
You didn't know any spells.

Dungeon Overview and Level Annotations

Branches:
Dungeon (4/15)
 Temple: D:4-7

Altars:
Qazlal

Annotations:
D:4 8 exclusions


Message History

p - 6 bolts (gained 5)
You see here 2 bolts.
p - 8 bolts (gained 2)
There is an open gate here.
You see here a bolt.
p - 9 bolts (gained 1)
You see here 2 bolts.
p - 11 bolts (gained 2)
a - a +0 hand crossbow (weapon)
You open the door.
Found a scroll labeled YNWUSCHIURE.
Found a scroll labeled NOH VEOGOASYD and a scroll labeled GOEDGH DOGOPS.
There is an open door here.
You see here a scroll labeled NOH VEOGOASYD.
m - 2 scrolls labeled NOH VEOGOASYD (gained 1)
You see here a scroll labeled GOEDGH DOGOPS.
j - a scroll labeled GOEDGH DOGOPS You see here a scroll labeled YNWUSCHIURE.
q - a scroll labeled YNWUSCHIURE
There is an open door here.
You open the door.
Found a bubbling inky potion.
Found a bubbling inky potion and a fizzy yellow potion.
There is an open door here.
You see here a bubbling inky potion.
t - a bubbling inky potion You see here a bubbling inky potion.
t - 2 bubbling inky potions (gained 1)
You see here a fizzy yellow potion.
u - a fizzy yellow potion
There is an open door here.
You open the gate.
There is an open gate here.
You open the door.
There is an open door here.
A wraith comes into view.
Found nine items.
A wraith opens the door.
It was a potion of invisibility.
You fade into invisibility!
You are very lightly contaminated with residual magic.
It was a potion of heal wounds.
You feel much better.
It was a potion of cure mutation.
It has a very clean taste.
You block the wraith's attack.
It was a potion of magic.
Magic courses through your body. You block the wraith's attack.
Unknown command.
Okay, then.
Unknown command.
Firing (i - inventory. (,) - cycle):
p - 11 bolts (quivered)
Press: ? - help, Shift-Dir - straight line, f - wraith
Aim: a wraith You shoot a bolt.
The bolt closely misses the wraith.
You block the wraith's attack. The wraith hits you!
The wraith drains your vigour!
You feel yourself slow down.
Firing (i - inventory. (,) - cycle):
p - 10 bolts (quivered)
Press: ? - help, Shift-Dir - straight line, f/p - wraith
Aim: a wraith You shoot a bolt.
The bolt hits the wraith.
The wraith is lightly damaged.
The wraith hits you. The wraith drains your vigour!
You feel as though you will be slow longer.
The wraith hits you!
* * * LOW HITPOINT WARNING * * *
The wraith drains your vigour!
You feel as though you will be slow longer.
Firing (i - inventory. (,) - cycle):
p - 9 bolts (quivered)
Press: ? - help, Shift-Dir - straight line, f/p - wraith
Aim: a wraith (lightly damaged)
You shoot a bolt. The bolt hits the wraith.
The wraith is lightly damaged.
You flicker for a moment.
The wraith barely misses you. The wraith hits you!
* * * LOW HITPOINT WARNING * * *
The wraith hits you but does no damage.
Firing (i - inventory. (,) - cycle):
p - 8 bolts (quivered)
Press: ? - help, Shift-Dir - straight line, f/p - wraith
Aim: a wraith (lightly damaged)
You shoot a bolt. The bolt hits the wraith.
The wraith is moderately damaged.
The wraith barely misses you. You block the wraith's attack.
Firing (i - inventory. (,) - cycle):
p - 7 bolts (quivered)
Press: ? - help, Shift-Dir - straight line, f/p - wraith
Aim: a wraith (moderately damaged)
You shoot a bolt. The bolt hits the wraith.
The wraith is moderately damaged.
You flicker back into view.
The wraith completely misses you. You block the wraith's attack.
Firing (i - inventory. (,) - cycle):
p - 6 bolts (quivered)
Press: ? - help, Shift-Dir - straight line, f/p - wraith
Aim: a wraith (moderately damaged)
You shoot a bolt.
The bolt hits the wraith but does no damage.
The wraith is moderately damaged.
The wraith hits you.
* * * LOW HITPOINT WARNING * * *
The wraith drains your vigour!
You feel as though you will be slow longer.
The wraith hits you!
You die...

## ##.. .. ##..
#####..
##...##...##.
#...##.???.## .
+...W.?!!!?.# ..
#..@##...?.##...
##...##...##...#
##...#####...#
##.........# ..
..#####'#####...
................
................
######'''######
####...####


You could see a wraith.

Vanquished Creatures
  The ghost of Rhok the Ruffian, an amateur DrTm (Sewer)
  A big kobold (Sewer)
  2 scorpions (D:4)
  A howler monkey (D:4)
  A hound skeleton (D:4)
  A mummy (Ossuary)
  2 adders (D:2)
  2 river rats (Sewer)
  An ooze (D:2)
  An adder skeleton (D:4)
  A dart slug (D:1)
  3 leopard geckos
  An orc (D:3)
  4 giant cockroaches
  5 hobgoblins
  2 jackals (Sewer)
  A quokka (D:3)
  2 ball pythons
  5 bats
  A gnoll skeleton (Ossuary)
  5 goblins
  A goblin zombie (D:4)
  5 kobolds
  2 kobold skeletons (Ossuary)
  6 orc skeletons (Ossuary)
  3 rats
60 creatures vanquished.

Notes
Turn   | Place    | Note
-------+----------+-------------------------------------------
     0 | D:1      | tidbits the High Elf Wanderer began the quest for the Orb.
     0 | D:1      | tidbits set off with: a +2 scale mail, a +0 hand crossbow, 21 bolts, a potion of lignification, a bread ration
     0 | D:1      | Reached XP level 1. HP: 14/14 MP: 2/2
   140 | D:2      | Reached XP level 2. HP: 18/19 MP: 3/3
   164 | D:2      | Reached XP level 3. HP: 18/25 MP: 4/4
   377 | D:2      | Found a stormy altar of Qazlal.
   521 | D:3      | Reached skill level 2 in Stealth
   545 | D:3      | Found a glowing drain.
   594 | Sewer    | Entered a sewer
   599 | Sewer    | Reached XP level 4. HP: 28/30 MP: 5/5
   614 | Sewer    | Noticed Rhok's ghost (amateur DrTm)
   627 | Sewer    | HP: 3/30 [Rhok's ghost (9)]
   631 | Sewer    | Killed Rhok's ghost
   631 | Sewer    | Reached skill level 3 in Shields
   631 | Sewer    | Reached XP level 5. HP: 5/36 MP: 6/6
   731 | Sewer    | Reached skill level 3 in Fighting
   736 | Sewer    | Reached skill level 1 in Dodging
   736 | Sewer    | Reached XP level 6. HP: 20/42 MP: 7/7
   786 | Sewer    | Found a white marble altar of Elyvilon.
   938 | D:4      | Reached skill level 2 in Dodging
  1034 | D:4      | Reached skill level 4 in Shields
  1077 | D:4      | Found a sand-covered staircase.
  1089 | Ossuary  | Entered an ossuary
  1089 | Ossuary  | Noticed a wraith
  1089 | Ossuary  | Noticed a wraith
  1089 | Ossuary  | Noticed a wraith
  1226 | Ossuary  | Noticed a wraith
  1238 | Ossuary  | Slain by a wraith

Skill      XL: |  1  2  3  4  5  6 |
---------------+-------------------+-----
Stealth        | 2 |  2.4
Shields        | 3 4 |  4.0
Fighting       | 3 |  3.8
Dodging        | 1 2 |  2.3
Crossbows      | |  1.9
Throwing       | |  1.7
Armour         | |  4.7

Action                   |  1- 3 |  4- 6 || total
-------------------------+-------+-------++-------
Melee: Dagger            |     5 |     5 ||    10
       Unarmed           |       |     2 ||     2
       Whip              |       |    10 ||    10
 Fire: Hand crossbow     |    75 |   122 ||   197
  Use: Potion            |       |     6 ||     6
       Scroll            |       |     2 ||     2
  Eat: Fruit             |       |     5 ||     5
       Beef jerky        |       |     1 ||     1
Armor: Scale mail        |    66 |    32 ||    98
       Skin              |       |     1 ||     1
Dodge: Dodged            |    37 |    36 ||    73
Block: Large shield      |    15 |    88 ||   103

Table legend:
 A = Turns spent in this place as a percentage of turns spent in the entire game.
 B = Non-inter-level travel turns spent in this place as a percentage of non-inter-level travel turns spent in the entire game.
 C = Inter-level travel turns spent in this place as a percentage of turns spent in this place.
 D = Turns resting spent in this place as a percentage of non-inter-level travel turns spent in this place.
 E = Turns spent auto-exploring this place as a percentage of non-inter-level travel turns spent in this place.
 F = Non-inter-level travel turns spent in this place divided by the number of levels of this place that you've seen.
                   A       B       C       D       E      F
               +-------+-------+-------+-------+-------+----------------------
         Total | 100.0 | 100.0 |   0.0 |   0.0 |   0.0 | 208.5
       Dungeon |  69.2 |  69.2 |   0.0 |   0.0 |   0.0 | 216.5
         Sewer |  16.4 |  16.4 |   0.0 |   0.0 |   0.0 | 205.0
       Ossuary |  14.4 |  14.4 |   0.0 |   0.0 |   0.0 | 180.0
               +-------+-------+-------+-------+-------+----------------------

Table legend:
 A = Kills in this place as a percentage of kills in entire the game.
 B = Kills by you in this place as a percentage of kills by you in the entire game.
 C = Kills by friends in this place as a percentage of kills by friends in the entire game.
 D = Other kills in this place as a percentage of other kills in the entire game.
 E = Experience gained in this place as a percentage of experience gained in the entire game.
 F = Experience gained in this place divided by the number of levels of this place that you have seen.
                   A       B       C       D       E      F
               +-------+-------+-------+-------+-------+----------------------
         Total | 100.0 | 100.0 |  -nan |  -nan | 100.0 | 111.3
       Dungeon |  63.3 |  63.3 |  -nan |  -nan |  47.2 |  78.8
         Sewer |  20.0 |  20.0 |  -nan |  -nan |  48.8 | 326.0
       Ossuary |  16.7 |  16.7 |  -nan |  -nan |   4.0 |  27.0
               +-------+-------+-------+-------+-------+----------------------

Vault maps used:
D:1:      eino_arrival_water_cross
D:2:      nicolae_ru_great_annihilating_truth, nicolae_qazlal_eye_of_the_storm
D:3:      lemuel_round_altar, first_bread, portal_sewer_entry_f, st_stairs_5,
          uniq_terence
D:4:      overflow_temple_1_default, fedhas_altar_4, grunt_temple_overflow_open,
          enter_ossuary_4, minmay_misc_feat_chi
Sewer:    sewer_kobolds
Ossuary:  ossuary_due_mausoleum
